 Dungeon Crawl Stone Soup version 0.30.1-11-g7821555f0a (webtiles) character file.

Game seed: 15257746642971280750

53 leafyfresh the Vexing (level 3, 0/28 HPs)
             Began as a Barachi Hexslinger on Nov 16, 2023.
             Slain by an adder (3 damage)
             ... on level 2 of the Dungeon.
             The game lasted 00:02:03 (971 turns).

leafyfresh the Vexing (Barachi Hexslinger)           Turns: 971, Time: 00:02:03

Health: 0/28       AC:  2    Str: 11    XL:     3   Next: 89%
Magic:  4/4        EV: 13    Int: 13    God:
Gold:   35         SH:  0    Dex: 14    Spells: 3/4 levels left

rFire   . . .        a - +1 sling
rCold   . . .        (no shield)
rNeg    . . .        c - +0 robe
rPois   .            (no helmet)
rElec   .            (no cloak)
rCorr   .            (no gloves)
SInv    .            (no boots)
Will    .....        (no amulet)
Stlth   +            (no ring)
HPRegen 0.24/turn    (no ring)
MPRegen 0.09/turn

%: no passive effects
@: lethally poisoned (0 -> -1), slow
A: amphibious, slowness 1, strong legs 1, +LOS
a: Hop


You were on level 2 of the Dungeon.
You visited 1 branch of the dungeon, and saw 2 of its levels.

You collected 35 gold pieces.

Inventory:

Hand Weapons
 a - a +1 sling (weapon)
Missiles
 e - 2 poisoned darts
Armour
 c - a +0 robe (worn)
Scrolls
 b - a scroll of poison
 f - 2 scrolls of magic mapping {unknown}
 g - a scroll of identify {unknown}
 h - a scroll of teleportation {unknown}
 i - a scroll of fear {unknown}
Potions
 d - a potion of berserk rage {unknown}


   Skills:
 + Level 2.6 Fighting
 + Level 2.7 Ranged Weapons
 + Level 3.0 Dodging
 - Level 1.2 Spellcasting
 - Level 3.3 Hexes


You had 3 spell levels left.
You knew the following spells:

 Your Spells              Type           Power      Damage    Failure   Level
a - Slow                  Hex            36%        N/A       7%          1

Your spell library contained the following spells:

 Spells                   Type           Power      Damage    Failure   Level
 Beastly Appendage        Tmut           0%         N/A       28%         1
 Wereblood                Tmut           0%         N/A       38%         2
 Inner Flame              Hex/Fire       5%         N/A       38%         3
 Portal Projectile        Hex/Tloc       10%        N/A       38%         3
 Gell's Gravitas          Tloc           0%         N/A       63%         3
 Spider Form              Tmut/Pois      0%         N/A       63%         3
 Teleport Other           Tloc           0%         N/A       63%         3
 Cause Fear               Hex            4%         N/A       56%         4
 Dispersal                Tloc           0%         N/A       100%        6


Dungeon Overview and Level Annotations

Branches:
Dungeon (2/15)

Altars:

Shops:
D:1 *


Innate Abilities, Weirdness & Mutations

You are amphibious.
You cover ground slowly.
You can hop short distances.
You have an extended range of vision and can be seen from far away.


Message History

The sling bullet barely misses the adder.
The sling bullet hits the ball python.
The ball python is moderately wounded.
You feel sick. The adder bites you but does no damage.
You shoot a sling bullet. The sling bullet hits the adder.
The adder is heavily wounded.
You feel sick. The adder bites you. The adder bites you but does no damage.
The quokka twitches its whiskers.
You shoot a sling bullet.
The sling bullet barely misses the adder.
The sling bullet closely misses the ball python.
The sling bullet hits the jackal but does no damage.
You feel sick. The adder bites you. x2
You are more poisoned.
The adder poisons you!
You shoot a sling bullet.
The sling bullet barely misses the adder.
The sling bullet hits the ball python.
You kill the ball python!
You feel sick. The adder closely misses you.
You shoot a sling bullet.
The sling bullet hits the adder but does no damage.
The adder is heavily wounded.
You feel sick. The adder bites you.
* * * LOW HITPOINT WARNING * * *
The adder barely misses you.
You shoot a sling bullet. The sling bullet hits the adder.
The adder is severely wounded.
You feel sick. The adder completely misses you. The adder barely misses you.
You shoot a sling bullet.
The sling bullet closely misses the adder.
The sling bullet completely misses the jackal.
You feel sick. The adder bites you.
* * * LOW HITPOINT WARNING * * *
Unknown command.
You shoot a sling bullet. The sling bullet misses the adder.
The sling bullet hits the jackal.
The jackal is almost dead.
You feel sick. The adder bites you.
You die...

...(..# ...##.# # ...##.#
.# ...##.# ## .# #####.#
#.##. #.## .... #..##
h.##
####...###########...####
+..............@Sh......+
###.....#####.####.#.####
#.......# #.# .#
##.....## #.# .# ##...##
#.# ## ##.## #.# #.# #.#
#.# #.# #. #..


You could see an adder and a jackal.

Vanquished Creatures
  An adder (D:2)
  A worm (D:2)
  2 dart slugs (D:1)
  4 bats (D:1)
  4 endoplasms (D:1)
  A giant cockroach (D:1)
  3 goblins (D:1)
  5 hobgoblins
  2 quokkas (D:1)
  3 ball pythons
  2 frilled lizards (D:1)
  4 kobolds (D:1)
  4 rats
36 creatures vanquished.

Notes
Turn   | Place    | Note
-------+----------+-------------------------------------------
     0 | D:1      | leafyfresh the Barachi Hexslinger began the quest for the
                  | Orb.
     0 | D:1      | Reached XP level 1. HP: 15/15 MP: 2/2
    95 | D:1      | Reached XP level 2. HP: 17/21 MP: 3/3
   262 | D:1      | Found Inkaigi's General Store.
   290 | D:1      | Reached XP level 3. HP: 27/27 MP: 4/4
   971 | D:2      | Slain by an adder

Illustrated notes

Levels and vault maps discovered:
D:1:      roderic_crop_circles_arrival_large, layout_basic, serial_shops, shop,
          serial_park_tiny_pond
D:2:      layout_loops_corners, minmay_heptomino_d4, uniq_sigmund

Skill      XL: |  1  2  3 |
---------------+----------+-----
Fighting       | 2 |  2.6
Dodging        | 3 |  3.0
Ranged Weapons | |  2.7
Spellcasting   | |  1.2
Hexes          | |  3.3

Action                     || total
---------------------------++-------
   Fire: Sling             ||   131
   Cast: Slow              ||     2
 Armour: Robe              ||    13
  Dodge: Dodged            ||    36
